 Dungeon Crawl Stone Soup version 0.28.0-53-g5a82cb258f (webtiles) character file.

Game seed: 8857685343122236514

1222 cbfl8 the Chopper (level 8, -1/70 HPs)
             Began as a Minotaur Berserker on July 15, 2022.
             Was a Priest of Trog.
             Slain by an unseen horror (8 damage)
             ... on level 6 of the Dungeon.
             The game lasted 00:07:28 (4707 turns).

cbfl8 the Chopper (Minotaur Berserker)              Turns: 4707, Time: 00:07:28

Health: -1/70      AC: 16    Str: 22    XL:     8   Next: 23%
Magic:  7/7        EV: 10    Int:  4    God:    Trog [***...]
Gold:   197        SH:  5    Dex: 12    Spells: 7/7 levels left

rFire   . . .      SeeInvis .   z - +0 war axe
rCold   . . .      Faith    .   k - +0 buckler
rNeg    . . .      Spirit   .   g - +0 scale mail
rPois   .          Reflect  .   (helmet restricted)
rElec   .          Harm     .   t - +0 cloak
rCorr   .          Rampage  .   j - +0 pair of gloves
Will    .....                   w - +1 pair of boots
Stlth   ..........              (no amulet)
HPRegen 0.21/turn               i - +4 ring of protection
MPRegen 0.10/turn               (no ring)

@: no status effects
A: horns 2, retaliatory headbutt
a: Renounce Religion, Berserk, Trog's Hand


You were on level 6 of the Dungeon.
You worshipped Trog.
Trog was most pleased with you.
You visited 1 branch of the dungeon, and saw 6 of its levels.

You collected 197 gold pieces.

Inventory:

Hand Weapons
 a - a +0 hand axe
 c - a +3 hand axe of freezing
 z - a +0 war axe (weapon)
Armour
 b - a +0 animal skin
 g - a +0 scale mail (worn)
 j - a +0 pair of gloves (worn)
 k - a +0 buckler (worn)
 t - a +0 cloak (worn)
 u - an orb of mayhem
 w - a +1 pair of boots (worn)
Jewellery
 i - a +4 ring of protection (left hand)
Wands
 h - a wand of polymorph (6)
Scrolls
 e - 2 scrolls of magic mapping {unknown}
 l - 2 scrolls of enchant armour {unknown}
 r - a scroll of summoning {unknown}
 s - 2 scrolls of identify {unknown}
 x - 2 scrolls of teleportation {unknown}
 y - a scroll of amnesia {unknown}
 A - a scroll of immolation {unknown}
Potions
 f - 2 potions of mutation {unknown}
 m - a potion of heal wounds {unknown}
 n - 3 potions of brilliance {unknown}
 o - 2 potions of flight {unknown}
 p - a potion of resistance {unknown}
 q - 2 potions of lignification {unknown}
 v - a potion of haste {unknown}


   Skills:
 * Level 6.2 Fighting
 + Level 7.3 Axes
 + Level 5.7 Armour
 + Level 3.3 Dodging
 + Level 1.3 Stealth
 * Level 3.8 Shields
 * Level 2.7 Evocations


You had 7 spell levels left.
You didn't know any spells.
Your spell library was empty.

Dungeon Overview and Level Annotations

Branches:
Dungeon (6/15)             Temple (0/1) D:4

Altars:

Shops:
D:1 *


Innate Abilities, Weirdness & Mutations

You have a pair of horns on your head.
You reflexively headbutt those who attack you in melee.


Message History

Something hits you but does no damage.
You feel yourself speed up. Something hits you. You block something's attack.
Something hits you but does no damage. Something hits you.
Something hits you but does no damage. Something completely misses you.
You block something's attack. Something hits you. Something hits you.
You feel the effects of Trog's Hand fading.
You recover from your berserk rage.
Your skin stops crawling.
You feel less strong-willed. Something hits you.
You barely miss something. Something hits you!
Something hits you but does no damage.
You miss something. Something hits you but does no damage. Something hits you!
* * * LOW HITPOINT WARNING * * *
Something hits you but does no damage. Something hits you but does no damage.
Something hits you but does no damage.
You slash something! Your headbutt misses something. Something hits you.
* * * LOW HITPOINT WARNING * * *
Something hits you but does no damage.
You slash something! Something hits you.
* * * LOW HITPOINT WARNING * * *
You completely miss something.
You hear the brisk rusting of a very distant drain.
Something hits you!
* * * LOW HITPOINT WARNING * * *
Something hits you.
* * * LOW HITPOINT WARNING * * *
Something hits you but does no damage.
You slash something!
Something hits you but does no damage. x2
You hit something. Something hits you.
* * * LOW HITPOINT WARNING * * *
Something hits you but does no damage. x2
You slash something! Something hits you!
You die...

#.#####..............###.#.
#. #..........##.###.##.
#..........##....###.
#..........###...##..
#..........# #..#..#
####{####### #...## #.#
...# #.###############
#...@............
#################


There were no monsters in sight!

Vanquished Creatures
  A manticore (D:6)
  A steam dragon (D:5)
  A phantom (D:4)
  A water moccasin zombie (D:6)
  A water moccasin skeleton (D:5)
  A howler monkey (D:5)
  3 hounds
  A jelly (D:5)
  An orc priest (D:6)
  2 iguanas
  2 orc wizards
  4 gnolls
  8 adders
  An adder skeleton (D:2)
  A worm (D:3)
  2 dart slugs
  5 orcs
  10 ball pythons
  5 bats
  7 endoplasms
  2 giant cockroaches
  4 goblins
  5 hobgoblins
  7 jackals
  10 kobolds
  2 quokkas
  5 frilled lizards
  5 rats
98 creatures vanquished.

Vanquished Creatures (collateral kills)
  A gnoll (D:5)
  2 orcs (D:6)
3 creatures vanquished.

Vanquished Creatures (others)
  A scorpion (D:5)
1 creature vanquished.

Grand Total: 102 creatures vanquished

Notes
Turn   | Place    | Note
-------+----------+-------------------------------------------
     0 | D:1      | cbfl8 the Minotaur Berserker began the quest for the Orb.
     0 | D:1      | Reached XP level 1. HP: 19/19 MP: 0/0
   142 | D:1      | Reached skill level 4 in Axes
   142 | D:1      | Reached XP level 2. HP: 26/27 MP: 1/1
   442 | D:1      | Reached XP level 3. HP: 21/33 MP: 2/2
   815 | D:1      | Found a faded altar of an unknown god.
   958 | D:1      | Found Getibuuf's Assorted Antiques.
  1383 | D:2      | Reached ** piety under Trog
  1526 | D:2      | Reached XP level 4. HP: 39/41 MP: 3/3
  1688 | D:2      | Reached skill level 5 in Axes
  1885 | D:3      | Reached skill level 1 in Stealth
  2381 | D:4      | Found a staircase to the Ecumenical Temple.
  2554 | D:4      | Reached XP level 5. HP: 47/47 MP: 4/4
  2646 | D:4      | Noticed a phantom
  2657 | D:4      | Killed a phantom
  2658 | D:4      | Reached skill level 1 in Shields
  3379 | D:5      | Entered Level 5 of the Dungeon
  3412 | D:5      | Reached skill level 1 in Evocations
  3425 | D:5      | Reached skill level 5 in Fighting
  3457 | D:5      | Reached XP level 6. HP: 56/56 MP: 5/5
  3470 | D:5      | Reached *** piety under Trog
  3566 | D:5      | Reached skill level 6 in Axes
  3641 | D:5      | Noticed a steam dragon
  3654 | D:5      | Killed a steam dragon
  3655 | D:5      | Reached XP level 7. HP: 23/61 MP: 6/6
  4440 | D:6      | Reached skill level 5 in Armour
  4642 | D:6      | Noticed a manticore
  4651 | D:6      | Killed a manticore
  4652 | D:6      | Reached skill level 7 in Axes
  4652 | D:6      | Reached XP level 8. HP: 70/70 MP: 7/7
  4707 | D:6      | Slain by an unseen horror

Illustrated notes

Levels and vault maps discovered:
D:1:      heliophobic_arrival_enchanted_forest, layout_basic,
          basic_ecumenical_altar, serial_shops, nicolae_shop_behind_doors,
          glass_columns_b
D:2:      layout_rooms
D:3:      layout_rooms, serial_corexii_hall, corexii_hall_statues_i,
          corexii_hall_statues_deadend
D:4:      layout_loops_ring, minmay_temple_entry_sparse_star
D:5:      layout_rooms, serial_corexii_hall, corexii_hall_statues_s,
          chequers_hall_statues_corner_a, chequers_hall_statues_corner_a,
          corexii_hall_statues_i, corexii_hall_statues_deadend,
          chequers_hall_statues_y
D:6:      layout_basic, gup_sewer_entry_bubbles, grunt_decor_mini_mirrors,
          hangedman_decor_diamond_cutter, kb_rosetta, uniq_maggie

Skill      XL: |  1  2  3  4  5  6  7 |
---------------+----------------------+-----
Fighting       | 4 5 6 |  6.2
Axes           | 4 5 6 7 |  7.3
Stealth        | 1 |  1.3
Armour         | 3 4 5 |  5.7
Shields        | 1 2 3 |  3.8
Evocations     | 1 2 |  2.7
Dodging        | 3 |  3.3

Action                   |  1- 3 |  4- 6 |  7- 9 || total
-------------------------+-------+-------+-------++-------
Melee: Hand axe          |    70 |    69 |       ||   139
       Headbutt          |    10 |    11 |     9 ||    30
       Punch             |     1 |       |       ||     1
       War axe           |       |    26 |    59 ||    85
Invok: Berserk           |       |       |     2 ||     2
       Trog's Hand       |       |       |     1 ||     1
  Use: Potion            |       |       |     3 ||     3
 Stab: Sleeping          |     2 |       |       ||     2
Armor: Animal skin       |     4 |       |       ||     4
       Scale mail        |     8 |    49 |    84 ||   141
Dodge: Dodged            |    41 |    48 |    30 ||   119
Block: Buckler           |       |     3 |     5 ||     8
